 Dungeon Crawl Stone Soup version 0.21.1-1-g345015fe64 (webtiles) character file.

69 Kejsarherre the Magician (level 4, -1/30 HPs)
             Began as a Mummy Conjurer on May 12, 2018.
             Slain by a worker ant (6 damage)
             ... on level 3 of the Dungeon.
             The game lasted 00:03:16 (1166 turns).

Kejsarherre the Magician (Mummy Conjurer)           Turns: 1166, Time: 00:03:17

Health: -1/30      AC:  2    Str: 11    XL:     4   Next: 2%
Magic:  1/11       EV: 12    Int: 15    God:
Gold:   30         SH:  0    Dex: 12    Spells: 10/13 levels left

rFire    x . .     SeeInvis .   (no weapon)
rCold    + . .     Gourm    .   (no shield)
rNeg     + + +     Faith    .   a - +0 robe
rPois    ∞         Spirit   .   (no helmet)
rElec    .         Reflect  .   (no cloak)
rCorr    .         Harm     .   (no gloves)
MR       .....                  (no boots)
Stlth    ++........             (no amulet)
HPRegen  0.10/turn              (no ring)
MPRegen  0.12/turn              (no ring)

@: no status effects
A: no food or potions, fire vulnerability, cold resistance 1, negative energy
resistance 3, torment resistance, unbreathing
a: no special abilities


You were on level 3 of the Dungeon.
You were not hungry.

You visited 1 branch of the dungeon, and saw 4 of its levels.

You collected 30 gold pieces.

Inventory:

Armour
 a - a +0 robe (worn)
Books
 b - a book of Conjurations

   Spells                             Type                      Level
   a - Magic Dart                     Conjuration                  1
   b - Searing Ray                    Conjuration                  2
   c - Dazzling Spray                 Conjuration/Hexes            3
   d - Fulminant Prism                Conjuration/Hexes            4
   e - Force Lance                    Conjuration/Translocation    4
   f - Iskenderun's Mystic Blast      Conjuration                  4


   Skills:
 - Level 1.5 Dodging
 - Level 1.5 Stealth
 + Level 5.4 Spellcasting
 - Level 3.2 Conjurations


You had 10 spell levels left.
You knew the following spells:

 Your Spells              Type           Power        Failure   Level  Hunger
a - Magic Dart            Conj           ##..         4%          1    N/A
b - Searing Ray           Conj           ##....       6%          2    N/A

Dungeon Overview and Level Annotations

Branches:
Dungeon (4/15)
 Temple: D:4-7

Altars:


Innate Abilities, Weirdness & Mutations

You do not eat or drink.
Your flesh is vulnerable to fire.
You are immune to poison.
Your flesh is cold resistant. (rC+)
You are immune to negative energy. (rN+++)
You are immune to unholy pain and torment.
You can survive without breathing.


Message History

The worker ant bites you.
There is a stone staircase leading up here.
The worker ant bites you.
* * * LOW HITPOINT WARNING * * *
You climb upwards.
There is a stone staircase leading down here.
The worker ant closely misses you. The worker ant closely misses you.
The worker ant misses you.
You see here a throwing net.
c - a throwing net The worker ant bites you.
* * * LOW HITPOINT WARNING * * *
Throwing (i - inventory):
c - a throwing net (quivered)
Press: ? - help, Shift-Dir - straight line, f - worker ant
Aim: a worker ant (severely wounded)
You throw a throwing net.
The throwing net closely misses the worker ant.
The worker ant bites you.
You die...

......# ##
###.####.... .#.
.........# #..
..##.##### #.#
#.....# #.# ###.#.##
#.# #....##### #.#
###......#####[####
##..........#.@...#
#...........#a#..>#
#...........(.#...#
.##..........#!.....#
..#..........#.##...#
#.#..........#.##...#
..##........##<##...#
..#............###.##
................#..#


You could see a worker ant.

Vanquished Creatures
  A hound (D:4)
  An adder (D:3)
  A dart slug (D:3)
  A leopard gecko (D:3)
  2 orcs (D:3)
  3 goblins (D:1)
  2 hobgoblins
  5 jackals
  4 bats
  2 frilled lizards
  A kobold (D:3)
  2 rats (D:1)
25 creatures vanquished.

Notes
Turn   | Place    | Note
-------+----------+-------------------------------------------
     0 | D:1      | Kejsarherre the Mummy Conjurer began the quest for the Orb.
     0 | D:1      | Reached XP level 1. HP: 13/13 MP: 4/4
    98 | D:1      | Reached skill level 3 in Spellcasting
   227 | D:1      | Reached XP level 2. HP: 17/19 MP: 0/6
   396 | D:2      | Learned a level 2 spell: Searing Ray
   420 | D:3      | Reached skill level 4 in Spellcasting
   587 | D:3      | Reached XP level 3. HP: 21/24 MP: 3/8
   688 | D:4      | Noticed a phantom
   688 | D:4      | Noticed a scorpion
   873 | D:4      | Reached skill level 5 in Spellcasting
   873 | D:4      | Reached XP level 4. HP: 8/30 MP: 0/11
  1166 | D:3      | Slain by a worker ant

Skill      XL: |  1  2  3 |
---------------+----------+-----
Spellcasting   | 3 4 5 |  5.4
Dodging        | |  1.5
Stealth        | |  1.5
Conjurations   | |  3.2

Action                   |  1- 3 |  4- 6 || total
-------------------------+-------+-------++-------
Melee: Unarmed           |    20 |       ||    20
Throw: Throwing net      |       |     1 ||     1
 Cast: Magic Dart        |    42 |    12 ||    54
       Searing Ray       |     4 |     1 ||     5
  Use: Scroll            |       |     1 ||     1
Armor: Robe              |     5 |     1 ||     6
Dodge: Dodged            |    24 |     9 ||    33
